 Dungeon Crawl Stone Soup version 0.27-a0-679-g77a6b55cf3 (webtiles) character file.

Game seed: 8204069898694096261

26593 robertstho the Grappler (level 12, -10/118 HPs)
             Began as a Troll Fighter on Mar 18, 2021.
             Was the Champion of Okawaru.
             Mangled by an eight-headed hydra (15 damage)
             ... on level 2 of the Lair of Beasts.
             The game lasted 00:19:05 (11555 turns).

robertstho the Grappler (Troll Fighter)            Turns: 11555, Time: 00:19:06

Health: -10/118    AC:  8    Str: 27    XL:     12   Next: 99%
Magic:  16/16      EV: 20    Int:  8    God:    Okawaru [******]
Gold:   430        SH: 13    Dex: 18    Spells: 9/11 levels left

rFire    . . .     SeeInvis .   v - +9 hand crossbow of Distraction {venom, +Fly rN++ Str-3 Dex+2}
rCold    . . .     Faith    .   b - +0 kite shield
rNeg     + + .     Spirit   .   m - +1 robe "Astretse" {rElec rCorr Int+4}
rPois    .         Reflect  .   P - +0 hat {Stlth+}
rElec    +         Harm     .   n - +2 cloak
rCorr    +         Rampage  .   (gloves unavailable)
Will     .....                  (boots unavailable)
Stlth    ++++......             (no amulet)
HPRegen  1.29/turn              i - +4 ring of evasion
MPRegen  0.15/turn              k - +6 ring of dexterity

@: heroic
A: large, unfitting armour, claws 3, regeneration 1, shaggy fur 1, tough skin 1
a: Renounce Religion, Evoke Flight, Heroism, Finesse


You were on level 2 of the Lair of Beasts.
You worshipped Okawaru.
Okawaru was exalted by your worship.
You visited 2 branches of the dungeon, and saw 12 of its levels.
You visited the Abyss 1 time.

You collected 870 gold pieces.
You spent 440 gold pieces at shops.

Inventory:

Hand Weapons
 v - the +9 hand crossbow of Distraction (weapon) {venom, +Fly rN++ Str-3 Dex+2}
   (Okawaru gifted it to you on level 10 of the Dungeon)

   It poisons the ammo it fires.
   It affects your strength (-3).
   It affects your dexterity (+2).
   It greatly protects you from negative energy.
   It lets you fly.
 C - the +10 broad axe of Inconvenience {freeze, Int+3}
   (Okawaru gifted it to you on level 12 of the Dungeon)

   It has been specially enchanted to freeze those struck by it, causing extra
   injury to most foes and up to half again as much damage against particularly
   susceptible opponents.
   It can also slow down cold-blooded creatures.
   It affects your intelligence (+3).
Missiles
 w - 34 bolts (quivered ammo)
 F - 8 large rocks
Armour
 b - a +0 kite shield (worn)
 l - a scarf of shadows
 m - the +1 robe "Astretse" (worn) {rElec rCorr Int+4}
   (You found it on level 6 of the Dungeon)

   It affects your intelligence (+4).
   It insulates you from electricity.
   It provides partial protection from all sources of acid and corrosion.
 n - a +2 cloak (worn)
 P - a +0 hat of stealth (worn)
Jewellery
 e - a +6 ring of intelligence
 h - a ring of magical power
 i - a +4 ring of evasion (right claw)
 k - a +6 ring of dexterity (left claw)
Wands
 p - a wand of mindburst (11)
 u - a wand of random effects (15)
 D - a wand of charming (20)
 J - a wand of flame (22)
Scrolls
 a - 3 scrolls of enchant weapon {unknown}
 g - 5 scrolls of teleportation
 j - 4 scrolls of fear
 q - a scroll of summoning {unknown}
 t - 2 scrolls of brand weapon {unknown}
 y - 3 scrolls of amnesia {unknown}
 G - 2 scrolls of blinking {unknown}
 H - 2 scrolls of random uselessness {unknown}
 I - a scroll of enchant armour {unknown}
 K - a scroll of magic mapping {unknown}
 L - a scroll of immolation {unknown}
 M - a scroll of noise {unknown}
 N - 2 scrolls of vulnerability {unknown}
 O - 2 scrolls of acquirement {unknown}
Potions
 c - a potion of might
 d - 4 potions of attraction
 o - 4 potions of mutation
 r - 3 potions of flight
 s - 6 potions of lignification
 x - a potion of heal wounds
 z - a potion of brilliance
 A - 2 potions of haste
 B - 3 potions of invisibility
Miscellaneous
 E - a phantom mirror


   Skills:
 * Level 7.3(12.3) Fighting
 + Level 1.9(6.9) Crossbows
 + Level 6.5(11.5) Dodging
 - Level 0.1(5.1) Stealth
 + Level 7.0(12.0) Shields
 * Level 14.9(19.9) Unarmed Combat
 * Level 7.3 Invocations


You had 9 spell levels left.
You knew the following spells:

 Your Spells              Type           Power      Damage    Failure   Level
a - Swiftness             Air            0%         N/A       54%         2

Your spell library contained the following spells:

 Spells                   Type           Power      Damage    Failure   Level
 Freeze                   Ice            0%         1d3       41%         1
 Magic Dart               Conj           0%         1d3       41%         1
 Shock                    Conj/Air       0%         1d3       41%         1
 Blink                    Tloc           N/A        N/A       54%         2
 Frozen Ramparts          Ice            0%         1d2       78%         3
 Gell's Gravitas          Tloc           0%         N/A       78%         3
 Lesser Beckoning         Tloc           0%         N/A       78%         3
 Ozocubu's Armour         Ice            0%         N/A       78%         3
 Static Discharge         Conj/Air       0%         N/A       78%         3
 Teleport Other           Tloc           0%         N/A       78%         3
 Airstrike                Air            0%         N/A       99%         4
 Dispel Undead            Necr           0%         3d6       99%         4
 Hailstorm                Conj/Ice       0%         3d3       99%         4
 Iskenderun's Mystic Bla  Conj/Tloc      0%         2d3       99%         4
 Manifold Assault         Tloc           0%         N/A       99%         4
 Summon Ice Beast         Ice/Summ       0%         N/A       99%         4
 Borgnjor's Vile Clutch   Necr/Erth      0%         N/A       100%        5
 Lightning Bolt           Conj/Air       0%         1d11      100%        5
 Death Channel            Necr           0%         N/A       100%        6


Dungeon Overview and Level Annotations

Branches:
Dungeon (12/15)            Temple (0/1) D:6            Lair (2/6) D:11
  Swamp (0/4) Lair:2          Orc (0/2) D:10
  Snake: Lair:2-4    Spider: Lair:2-4

Altars:
Kikubaaqudgha
Okawaru
Qazlal

Shops:
D:6 *   D:11 !   D:12 *


Innate Abilities, Weirdness & Mutations

You are too large for most types of armour.
You have claws for hands.
Your natural rate of healing is unusually fast.
You are covered in fur. (AC +1)
You have tough skin. (AC +1)


Message History

You shoot a bolt. The bolt hits the four-headed hydra!!
You kill the four-headed hydra!
Okawaru accepts your kill.
You shoot a bolt. The bolt hits the eight-headed hydra.
The eight-headed hydra is lightly wounded.
The eight-headed hydra closely misses you.
The eight-headed hydra bites you!
The eight-headed hydra barely misses you.
The eight-headed hydra misses you.
The eight-headed hydra barely misses you.
You block the eight-headed hydra's attack.
The eight-headed hydra bites you but does no damage.
The eight-headed hydra misses you.
You shoot a bolt. The bolt hits the eight-headed hydra!!
The eight-headed hydra is heavily wounded.
You block the eight-headed hydra's attack.
The eight-headed hydra misses you.
You block the eight-headed hydra's attack.
The eight-headed hydra bites you. x2; The eight-headed hydra bites you!
The eight-headed hydra bites you but does no damage.
You block the eight-headed hydra's attack.
You shoot a bolt. The bolt hits the eight-headed hydra!!
The eight-headed hydra is almost dead.
You block the eight-headed hydra's attack.
The eight-headed hydra completely misses you.
The eight-headed hydra bites you! The eight-headed hydra bites you.
The eight-headed hydra bites you!
The eight-headed hydra bites you but does no damage.
You block the eight-headed hydra's attack.
The eight-headed hydra bites you.
You block the eight-headed hydra's attack.
The eight-headed hydra bites you but does no damage.
The eight-headed hydra bites you! x3
* * * LOW HITPOINT WARNING * * *
The eight-headed hydra bites you!
* * * LOW HITPOINT WARNING * * *
The eight-headed hydra bites you!
* * * LOW HITPOINT WARNING * * *
The eight-headed hydra bites you!
You die...

.......♣♣♣#.....#♣♣♣♣..P.P..♣♣♣♣#
.....÷....∩÷....∩.......≈P.......
.......♣♣♣#÷....#♣♣♣♣.......♣♣♣♣#
♣♣.♣♣♣♣♣ ##.>.## ♣♣.....♣♣ # ♣.♣
##### ##♣.♣####### ♣.♣ ♣.
♣♣.♣♣#..... ≈≈P ♣♣♣♣♣.♣♣♣♣♣♣
#♣...♣#..... ♣P≈ ...........♣
#.....#..... ♣♣♣≈ ........@..♣
#.....#..... ..+#####D..♣
#.....#..... #....F#..♣
#.♣♣♣.#.....
#...(S#..♣♣#♣.♣.♣#.....
#F..(.#......♣♣♣.#.....
#Y....#..♣♣#♣.♣.♣#.....
#.....#..♣ #.♣♣♣.#.....
+#####+..♣ #....†#..... ...♣
#.....#.....


You could see an eight-headed hydra, a black mamba and a cane toad.

Vanquished Creatures
  Erolcha (D:12)
  A boulder beetle (D:12)
  3 hydras
  A two-headed ogre (D:8)
  2 unseen horrors (D:10)
  2 bog bodies (Lair:2)
  2 cyclopes (D:12)
  An ugly thing (D:12)
  2 black mambas
  4 cane toads (Lair:2)
  3 komodo dragons (Lair:2)
  3 polar bears
  3 meliai (D:12)
  A troll (D:10)
  5 blink frogs (Lair:2)
  3 slime creatures (D:12)
  2 wraiths
  A wyvern (D:10)
  34 yaks
  7 water moccasins
  3 sky beasts
  3 black bears
  4 ice beasts
  7 orc warriors
  7 ogres
  6 centaurs
  A phantom (D:7)
  12 wolves
  3 kobold brigands
  11 bullfrogs
  2 gnoll sergeants (D:10)
  4 scorpions
  16 killer bees
  6 howler monkeys
  8 wights (D:11)
  2 electric eels
  A bullfrog zombie (D:8)
  7 hounds
  3 jellies
  6 orc priests
  A bullfrog skeleton (D:12)
  2 centaur skeletons
  Terence (D:3)
  4 iguanas
  11 orc wizards
  4 worker ants
  A bullfrog simulacrum (D:9)
  3 hound zombies
  A worker ant zombie (D:9)
  A gnoll (D:10)
  6 adders
  3 shadow imps
  2 white imps (D:8)
  A worker ant simulacrum (D:9)
  2 ufetubi (D:7)
  4 oozes
  An adder zombie (D:6)
  A worm (D:3)
  2 dart slugs
  3 leopard geckos
  38 orcs
  A ball python (D:2)
  5 giant cockroaches
  12 goblins
  5 hobgoblins
  6 jackals
  8 kobolds
  A quokka (D:12)
  11 bats
  5 frilled lizards
  A quokka zombie (D:6)
  11 rats
351 creatures vanquished.

Vanquished Creatures (others)
  A bullfrog (D:10)
  An orc wizard (D:7)
  A howler monkey skeleton (D:10)
  31 fungi
  34 plants
68 creatures vanquished.

Grand Total: 419 creatures vanquished

Notes
Turn   | Place    | Note
-------+----------+-------------------------------------------
     0 | D:1      | robertstho the Troll Fighter began the quest for the Orb.
     0 | D:1      | Reached XP level 1. HP: 22/22 MP: 0/0
   132 | D:1      | Reached XP level 2. HP: 28/29 MP: 1/1
   427 | D:1      | Found an iron altar of Okawaru.
   436 | D:1      | Reached XP level 3. HP: 30/36 MP: 2/2
   447 | D:1      | Became a worshipper of Warmaster Okawaru
   889 | D:2      | Reached XP level 4. HP: 44/44 MP: 3/3
   938 | D:2      | Reached skill level 3 in Unarmed Combat
  1271 | D:3      | Reached skill level 1 in Invocations
  1275 | D:3      | Noticed Terence
  1369 | D:3      | Killed Terence
  1370 | D:3      | Reached XP level 5. HP: 45/53 MP: 4/4
  1578 | D:3      | You fall into a shaft and drop 3 floors!
  1601 | D:6      | Noticed a centaur
  1610 | D:6      | Killed a centaur
  1610 | D:6      | Reached * piety under Okawaru
  1611 | D:6      | Reached skill level 4 in Unarmed Combat
  1611 | D:6      | Reached XP level 6. HP: 54/61 MP: 4/6
  1775 | D:6      | Identified the +1 robe "Astretse" {rElec rCorr Int+4}
  1804 | D:6      | Found a staircase to the Ecumenical Temple.
  1814 | D:6      | Reached skill level 5 in Unarmed Combat
  1946 | D:6      | Reached XP level 7. HP: 67/67 MP: 7/7
  2002 | D:6      | Found Xobem's General Store.
  2254 | D:6      | Found a stormy altar of Qazlal.
  2718 | D:7      | Reached skill level 6 in Unarmed Combat
  2897 | D:7      | Reached ** piety under Okawaru
  3193 | D:7      | Reached XP level 8. HP: 72/78 MP: 7/9
  3320 | D:8      | Reached skill level 7 in Unarmed Combat
  3542 | D:8      | Noticed a two-headed ogre
  3549 | D:8      | Killed a two-headed ogre
  3549 | D:8      | Reached *** piety under Okawaru
  3550 | D:8      | Reached skill level 8 in Unarmed Combat
  3550 | D:8      | Reached XP level 9. HP: 36/85 MP: 7/10
  4045 | D:9      | Reached skill level 9 in Unarmed Combat
  4215 | D:9      | Reached **** piety under Okawaru
  4242 | D:9      | Reached skill level 5 in Fighting
  4248 | D:9      | Reached skill level 10 in Unarmed Combat
  4351 | D:9      | Reached XP level 10. HP: 52/96 MP: 10/12
  4360 | D:9      | Reached skill level 5 in Shields
  4365 | D:9      | Reached ***** piety under Okawaru
  4688 | D:9      | Reached skill level 11 in Unarmed Combat
  5059 | D:10     | Entered Level 10 of the Dungeon
  5087 | D:10     | Killed an unseen horror
  5088 | D:10     | Reached skill level 5 in Invocations
  5157 | D:10     | Reached skill level 5 in Dodging
  5352 | D:10     | Killed an unseen horror
  5419 | D:10     | Identified the +9 hand crossbow of Distraction {venom, +Fly
                  | rN++ Str-3 Dex+2} (Okawaru gifted it to you on level 10 of
                  | the Dungeon)
  5419 | D:10     | Received a gift from Okawaru
  5540 | D:10     | Found a staircase to the Orcish Mines.
  5563 | D:10     | Reached skill level 12 in Unarmed Combat
  5572 | D:10     | Reached XP level 11. HP: 79/105 MP: 12/14
  6225 | D:11     | Found a staircase to the Lair.
  6307 | D:11     | Found Baggaj's Distillery.
  6315 | D:11     | Bought a potion of attraction for 48 gold pieces
  6315 | D:11     | Bought a potion of lignification for 48 gold pieces
  6315 | D:11     | Bought a potion of curing for 48 gold pieces
  6315 | D:11     | Bought a potion of heal wounds for 80 gold pieces
  6315 | D:11     | Bought a potion of flight for 48 gold pieces
  6315 | D:11     | Bought a potion of brilliance for 64 gold pieces
  6514 | D:11     | Reached ****** piety under Okawaru
  7192 | D:11     | Learned a level 2 spell: Swiftness
  7238 | D:11     | Identified the +1 scale mail of Reuxamaf {rElec rC+ Int-4}
  7388 | D:11     | Reached skill level 13 in Unarmed Combat
  7965 | D:12     | Noticed a red ugly thing
  7991 | D:12     | Killed a red ugly thing
  7991 | D:12     | Identified the +10 broad axe of Inconvenience {freeze,
                  | Int+3} (Okawaru gifted it to you on level 12 of the
                  | Dungeon)
  7991 | D:12     | Received a gift from Okawaru
  8036 | D:12     | Noticed Erolcha
  8042 | D:12     | Cast into level 1 of the Abyss (Erolcha)
  8043 | Abyss:1  | Found a corrupted altar of Lugonu.
  8067 | D:12     | Escaped the Abyss
  8072 | D:12     | Killed Erolcha
  8193 | D:12     | Reached XP level 12. HP: 94/115 MP: 15/15
  8196 | D:12     | Noticed a boulder beetle
  8223 | D:12     | Killed a boulder beetle
  8395 | D:12     | Noticed a seven-headed hydra
  8409 | D:12     | Killed a seven-headed hydra
  8410 | D:12     | Reached skill level 14 in Unarmed Combat
  8618 | D:12     | Found Nala Mou's Assorted Antiques.
  8626 | D:12     | Bought a fuming clear potion for 32 gold pieces
  8626 | D:12     | Bought a scroll of identify for 72 gold pieces
  9004 | Lair:1   | Entered Level 1 of the Lair of Beasts
  9013 | Lair:1   | Reached skill level 1 in Crossbows
  9764 | Lair:1   | Received a gift from Okawaru
  9998 | Lair:1   | Identified Gogudio's Disquisition on Lethal Unholy Arts
 10130 | Lair:2   | Noticed an eight-headed hydra
 10139 | Lair:2   | Killed an eight-headed hydra
 10886 | Lair:2   | Found a staircase to the Swamp.
 11303 | Lair:2   | Found an ancient bone altar of Kikubaaqudgha.
 11536 | Lair:2   | Noticed a four-headed hydra
 11536 | Lair:2   | Noticed an eight-headed hydra
 11552 | Lair:2   | Killed a four-headed hydra
 11555 | Lair:2   | HP: 5/118 [eight-headed hydra (12)]
 11555 | Lair:2   | Mangled by an eight-headed hydra

Illustrated notes

Levels and vault maps discovered:
D:1:      dpeg_arrival_refuge, layout_loops_ring, corner_web_ring,
          okawaru_ov_weapons_minmay
D:2:      layout_loops_cross, chequers_serial_rivers_micro_c
D:3:      minmay_chambers_of_twos, layout_rooms, minivault_24,
          uniq_crazy_yiuf_cottage, uniq_ijyb, uniq_natasha, uniq_terence
D:6:      layout_gridville, lemuel_round_altar, minmay_temple_entry_junction,
          serial_shops, kennysheep_mini
D:7:      layout_loops_ring, serial_bayou_pond_d, dk_noncrumbling_2
D:8:      layout_loops_ring
D:9:      layout_basic, serial_ice, serial_ice_k, serial_ice_a, serial_ice_e,
          serial_ice_m
D:10:     layout_basic, kennysheep_orc_monster_closet_entryway,
          minmay_misc_feat_ornament, lemuel_flame_loot_1
D:11:     layout_grid_maze, grunt_lair_entry_orc_guard_hut, serial_shops, shop
D:12:     layout_irregular_city, serial_shops, shop, minmay_misc_feat_hallway,
          uniq_erolcha
Lair:1:   layout_hall_layers, gammafunk_lair_bear_cave
Lair:2:   nzn_winding_woodlands_stair_trap [nzn_winding_woodlands_5x15_default,
          nzn_winding_woodlands_5x15_garden,
          nzn_winding_woodlands_5x15_lazy_stream,
          nzn_winding_woodlands_15x15_killbox,
          nzn_winding_woodlands_5x15_parted, nzn_winding_woodlands_5x15_crooked,
          nzn_winding_woodlands_5x15_twine], layout_chaotic_city,
          skrybe_swamp_entry_bodies, basic_altar, fungi_pond_lemuel,
          eino_small_chamber_without_monster

Skill      XL: |  1  2  3  4  5  6  7  8  9 10 11 12 |
---------------+-------------------------------------+-----
Fighting       | 3 4 5 6 7 |  7.3
Unarmed Combat | 3 4 5 6 8 10 12 13 14 | 14.9
Shields        | 3 4 5 6 7 |  7.0
Invocations    | 1 2 3 4 5 6 7 |  7.3
Dodging        | 3 4 5 6 |  6.5
Crossbows      | 1 |  1.9
Stealth        | |  0.1

Action                   |  1- 3 |  4- 6 |  7- 9 | 10-12 || total
-------------------------+-------+-------+-------+-------++-------
Melee: Unarmed           |   106 |   140 |   261 |   632 ||  1139
 Fire: Hand crossbow     |       |       |       |    48 ||    48
Invok: Heroism           |       |       |     4 |    12 ||    16
  Use: Scroll            |     2 |     1 |       |     5 ||     8
       Potion            |       |       |       |     5 ||     5
 Stab: Distracted        |     1 |       |       |     1 ||     2
       Sleeping          |       |     1 |       |     6 ||     7
Armor: Robe              |    42 |    34 |    43 |   110 ||   229
Dodge: Dodged            |    42 |    41 |   115 |   369 ||   567
Block: Kite shield       |    55 |    50 |   125 |   376 ||   606

Table legend: (Time is in decaauts)
 A = Elapsed time spent in this place.
 B = Non-inter-level travel time spent in this place.
 C = Inter-level travel time spent in this place.
 D = Time resting spent in this place.
 E = Time spent auto-exploring this place.
 F = Levels seen in this place.
 G = Mean time per level.
                   A        B        C        D        E       F      G
               +--------+--------+--------+--------+--------+-----+--------+
         Total |  11538 |  10943 |    595 |   1187 |   7536 |  13 |  887.5 |
       Dungeon |   8962 |   8377 |    585 |    667 |   5827 |  10 |  896.2 |
          Lair |   2551 |   2542 |      9 |    520 |   1708 |   2 | 1275.5 |
         Abyss |     24 |     24 |      0 |      0 |      1 |   1 |   24.0 |
               +--------+--------+--------+--------+--------+-----+--------+

Top non-repeatable levels by time:
    D:11: 1698 daAuts
  Lair:2: 1449 daAuts
     D:9: 1123 daAuts
  Lair:1: 1101 daAuts
    D:12: 1059 daAuts
     D:6: 975 daAuts
    D:10: 945 daAuts
     D:8: 785 daAuts
     D:7: 765 daAuts
     D:1: 676 daAuts
     D:2: 608 daAuts
     D:3: 324 daAuts
 Abyss:1: 24 daAuts
